AoeStats
← TroyMCclure6232

Arena

511023972Analyzed
4v4 RM · 10h ago on Oct 3, 2026· 53m 47s· 8 players
Game mode
Random Map
Map size
Large (8 player)
Population
200
Speed
Normal
Resources
Standard
Victory
Conquest
Starting age
Dark Age
Ending age
Imperial Age
RankedLock teamsTeams togetherTeam positionsShared explorationLock speedFull tech treeHidden civsTurbo modeCheats
Victory
Defeat
🇨🇳 Poles · China
963
+18
🇨🇱 Huns · Chile
955
+18
🇨🇱 Italians · Chile
933
+19
🇺🇸 Khmer · United States
931
+19
🇦🇷 Burgundians · Argentina
1149
-24
🇦🇷 Franks · Argentina
992
-18
🇵🇪 Danes · Peru
958
-17
🇦🇷 Huns · Argentina
925
-15
BIZONADE
11:17 Feudal Age
14:18 Castle Age
12:50 Double-Bit Axe
15:29 Horse Collar
15:57 Gold Mining
15:59 Stone Mining
28:11 Imperial Age
25:27 Loom
28:13 Wheelbarrow
27:24 Town Watch
28:19 Gold Shaft Mining
28:20 Stone Shaft Mining
29:17 Conscription
29:32 Heavy Plow
29:46 Bow Saw
30:27 Hand Cart
32:16 Double Crossbow
31:42 Heavy Scorpion
32:46 Ballistics
33:39 Chemistry
33:11 Siege Engineers
33:09 Murder Holes
34:28 Town Patrol
35:18 Masonry
35:19 Fortified Wall
35:03 Fletching
35:19 Scale Barding Armor
35:25 Forging
35:16 Padded Archer Armor
35:17 Scale Mail Armor
34:49 Light Cavalry
35:40 Bloodlines
35:31 Husbandry
35:27 Hussar
39:23 Hoardings
38:18 Sappers
38:49 Tusk Swords
ZeR0$ - CL
9:33 Feudal Age
10:09 Double-Bit Axe
10:05 Horse Collar
17:03 Wheelbarrow
19:45 Castle Age
18:24 Stone Mining
21:05 Bow Saw
20:56 Heavy Plow
24:49 Loom
25:39 Gold Mining
27:18 Gold Shaft Mining
30:37 Imperial Age
29:36 Marauders
30:09 Marauders
30:10 Town Watch
30:41 Forging
31:53 Conscription
30:54 Elite Tarkan
31:48 Scale Barding Armor
32:21 Iron Casting
32:59 Chain Barding Armor
33:48 Bloodlines
33:38 Husbandry
34:42 Blast Furnace
36:10 Plate Barding Armor
42:46 Fletching
47:51 Hand Cart
Maldotroid
6:30 Loom
12:07 Feudal Age
10:23 Loom
16:40 Castle Age
15:15 Gold Mining
18:14 Wheelbarrow
17:25 Town Watch
17:32 Double-Bit Axe
18:08 Horse Collar
23:06 Crossbowman
24:24 Fletching
27:21 Bow Saw
28:07 Stone Mining
28:45 Heavy Plow
32:59 Imperial Age
30:45 Hand Cart
31:31 Stone Shaft Mining
32:21 Ballistics
32:08 Thumb Ring
32:55 Bodkin Arrow
33:01 Padded Archer Armor
33:09 Treadmill Crane
33:42 Masonry
34:03 Conscription
34:19 Hoardings
33:41 Arbalester
35:25 Bracer
35:41 Leather Archer Armor
37:39 Chemistry
39:37 Fortified Wall
39:58 Architecture
39:01 Elite Genoese Crossbowman
40:28 Murder Holes
45:45 Bombard Tower
47:07 Ring Archer Armor
48:39 Forging
48:34 Scale Barding Armor
50:56 Caravan
51:19 Silk Road
873108255
1:12 Loom
12:09 Feudal Age
12:59 Double-Bit Axe
12:57 Horse Collar
19:07 Castle Age
18:08 Gold Mining
18:10 Stone Mining
18:52 Fletching
20:14 Heavy Plow
23:48 Bodkin Arrow
24:50 Bow Saw
27:11 Stone Shaft Mining
26:46 Scale Mail Armor
27:45 Wheelbarrow
26:55 Town Watch
29:00 Hand Cart
32:38 Imperial Age
30:19 Padded Archer Armor
31:28 Fortified Wall
32:02 Chain Mail Armor
31:58 Forging
32:03 Masonry
31:26 Pikeman
34:14 Iron Casting
34:56 Plate Mail Armor
36:28 Chemistry
36:19 Conscription
36:39 Bloodlines
35:51 Light Cavalry
37:49 Blast Furnace
37:14 Squires
37:05 Arson
36:43 Man-at-Arms
37:40 Husbandry
38:07 Winged Hussar
39:40 Leather Archer Armor
40:59 Long Swordsman
42:57 Two-Handed Swordsman
45:43 Murder Holes
50:06 Szlachta Privileges
TroyMCclure6232
2:14 Loom
10:40 Feudal Age
12:19 Double-Bit Axe
13:08 Forging
14:02 Scale Barding Armor
14:02 Horse Collar
14:34 Gold Mining
21:12 Castle Age
20:29 Bloodlines
21:32 Wheelbarrow
22:06 Husbandry
22:30 Heavy Plow
24:16 Town Watch
28:40 Iron Casting
28:25 Chain Barding Armor
28:40 Iron Casting
28:25 Chain Barding Armor
28:41 Iron Casting
33:02 Imperial Age
32:04 Stone Mining
32:25 Fletching
33:06 Hand Cart
32:53 Town Patrol
33:38 Cavalier
36:58 Paladin
37:24 Light Cavalry
40:05 Marauders
43:57 Pikeman
44:38 Squires
44:23 Arson
46:05 Ballistics
45:42 Murder Holes
PNAL | Bebeganzo
12:03 Feudal Age
11:28 Double-Bit Axe
16:23 Castle Age
14:36 Bow Saw
14:09 Horse Collar
14:22 Gold Mining
14:56 Heavy Plow
16:39 Wheelbarrow
18:56 Forging
18:59 Scale Barding Armor
19:59 Husbandry
23:12 Two-Man Saw
23:14 Crop Rotation
23:19 Cavalier
24:06 Stone Mining
27:02 Chain Barding Armor
29:45 Imperial Age
27:02 Loom
27:41 Hand Cart
27:14 Town Watch
28:12 Iron Casting
31:18 Gold Shaft Mining
31:29 Plate Barding Armor
30:36 Paladin
31:39 Treadmill Crane
32:10 Masonry
33:13 Blast Furnace
32:23 Fletching
33:03 Ballistics
33:34 Conscription
34:10 Guilds
34:03 Caravan
35:51 Fortified Wall
36:14 Architecture
38:08 Hoardings
37:35 Light Cavalry
38:40 Hussar
52:18 Elite Skirmisher
52:59 Bodkin Arrow
53:05 Padded Archer Armor
Zorrito del Sur
10:01 Feudal Age
11:42 Double-Bit Axe
14:37 Loom
16:52 Castle Age
15:37 Gold Mining
16:41 Horse Collar
20:38 Bow Saw
22:36 Town Watch
22:37 Loom
24:42 Wheelbarrow
24:49 Wheelbarrow
24:30 Heavy Plow
25:49 Town Patrol
26:27 Squires
27:30 Masonry
28:20 Arson
29:46 Gold Shaft Mining
29:04 Stone Mining
32:58 Imperial Age
31:07 Scale Mail Armor
31:18 Forging
33:29 Hand Cart
33:34 Chain Mail Armor
33:55 Iron Casting
33:32 Onager
36:07 Siege Engineers
38:15 Siege Onager
40:58 Northmen's Fury
42:41 Chemistry
41:11 Capped Ram
43:36 Murder Holes
44:47 Ballistics
47:16 Coinage
48:28 Banking
Ketari
3:54 Loom
5:25 Loom
11:13 Feudal Age
15:48 Castle Age
14:07 Double-Bit Axe
15:41 Gold Mining
17:08 Bow Saw
20:19 Wheelbarrow
23:01 Gold Shaft Mining
25:01 Scale Barding Armor
26:06 Hand Cart
25:46 Stone Mining
26:22 Chain Barding Armor
27:34 Husbandry
28:25 Forging
32:20 Imperial Age
30:40 Iron Casting
30:08 Devotion
32:26 Cavalier
33:43 Plate Barding Armor
33:38 Paladin
35:55 Blast Furnace
35:16 Caravan
35:48 Coinage
36:58 Chemistry
48:19 Banking
52:33 Light Cavalry
Connection lost

Rejoining the realm…

Still unreachable

The connection could not be restored.

Session expired

The server has moved on; the page needs a fresh start.